 Dungeon Crawl Stone Soup version 0.21.1-1-g345015fe64 (webtiles) character file.

4672 Oravi the Martial Artist (level 10, -3/69 HPs)
             Began as a Merfolk Transmuter on Apr 12, 2018.
             Was a Follower of Qazlal.
             Slain by Gargoyl's ghost (6 damage)
             ... on level 9 of the Dungeon.
             The game lasted 00:34:47 (8272 turns).

Oravi the Martial Artist (Merfolk Transmuter)       Turns: 8272, Time: 00:34:48

Health: -3/69      AC:  2    Str: 11    XL:     10   Next: 44%
Magic:  0/13       EV: 36    Int: 20    God:    Qazlal [*.....]
Gold:   394        SH:  2    Dex: 25    Spells: 7/13 levels left

rFire    . . .     SeeInvis .     - Unarmed
rCold    . . .     Gourm    .   (shield currently unavailable)
rNeg     . . .     Faith    .   (armour currently unavailable)
rPois    x         Spirit   .   (helmet currently unavailable)
rElec    .         Reflect  .   (cloak currently unavailable)
rCorr    .         Harm     .   (gloves currently unavailable)
MR       +....                  (boots currently unavailable)
Stlth    +++.......             (no amulet)
HPRegen  0.21/turn              (no ring)
MPRegen  0.13/turn              (no ring)

@: brilliant, agile, spider-form
A: tiny, (change form in water), (swift swim), (stealthy swim), magic resistance
1
a: End Transformation, Renounce Religion


You were on level 9 of the Dungeon.
You worshipped Qazlal.
Qazlal was aware of your devotion.
You were very hungry.
You were a venomous arachnid creature.
You visited 2 branches of the dungeon, and saw 10 of its levels.
You also visited: Ossuary.

You collected 394 gold pieces.

Inventory:

Missiles
 a - 115 arrows
Armour
 b - a +0 robe (melded)
 n - a cursed +0 leather armour
Jewellery
 m - an uncursed amulet of guardian spirit
Scrolls
 e - a scroll of identify
 h - a scroll of magic mapping
 j - 4 scrolls of enchant armour
 k - a scroll of teleportation
 o - a scroll of silence {unknown}
 p - a scroll of enchant weapon
 q - a scroll of fog
 r - 3 scrolls of remove curse
Potions
 f - 2 potions of flight
 g - a potion of agility
 i - a potion of ambrosia
 l - a potion of brilliance
Books
 c - a book of Changes

   Spells                             Type                      Level
   a - Beastly Appendage              Transmutation                1
   b - Sticks to Snakes               Transmutation                2
   c - Spider Form                    Transmutation/Poison         3
   d - Ice Form                       Ice/Transmutation            4
   e - Blade Hands                    Transmutation                5
Comestibles
 d - 17 rations


   Skills:
 + Level 2.9 Fighting
 * Level 8.8 Dodging
 + Level 10.2 Unarmed Combat
 - Level 2.0 Spellcasting
 * Level 10.1 Transmutations
 * Level 7.1 Poison Magic


You had 7 spell levels left.
You knew the following spells:

 Your Spells              Type           Power        Failure   Level  Hunger
a - Beastly Appendage     Tmut           ######       1%          1    #......
b - Sticks to Snakes      Tmut           ######..     1%          2    ##.....
c - Spider Form           Tmut/Pois      #####.....   1%          3    ###....


Dungeon Overview and Level Annotations

Branches:
Dungeon (9/15)             Temple (1/1) D:6
   Lair: D:8-11         Orc: D:9-12

Altars:
Ashenzari
Cheibriados
Dithmenos
Elyvilon
Fedhas
Gozag
Hepliaklqana
Makhleb
Nemelex Xobeh
Okawaru
Qazlal
Ru
Sif Muna
Trog
Uskayaw
Vehumet
Wu Jian
Xom
Yredelemnul
Zin
The Shining One

Shops:
D:5 %

Annotations:
D:2 1 runed door
D:4 exclusion: statue
D:8 supermoro's ghost, journeyman KoEn
D:9 Gargoyl's ghost, novice CeAK


Innate Abilities, Weirdness & Mutations

((You revert to your normal form in water.))
((You are very nimble and swift while swimming.))
((You are very stealthy in the water. (Stealth+)))
((Your flesh is heat resistant. (rF+)))
You are resistant to hostile enchantments. (MR+)


Message History

Gargoyl's ghost is lightly damaged.
Your transformation has ended.
Your +0 robe unmelds from your body.
Gargoyl's ghost hits you!
* * * LOW HITPOINT WARNING * * *
x2
Casting: Sticks to Snakes
Confirm with . or Enter, or press ? or * to list all spells.
You don't have enough magic to cast that spell.
Okay, then.
You feel clever all of a sudden.
You hear a bark!
A hound comes into view.
You see here an iron ring.
The hound completely misses you. Gargoyl's ghost completely misses you.
Casting: Sticks to Snakes
Confirm with . or Enter, or press ? or * to list all spells.
You turn into a venomous arachnid creature.
Your +0 robe melds into your body.
Gargoyl's ghost hits you!
* * * LOW HITPOINT WARNING * * *
You die...

...# #... #..# ### ...
..# ..# #.# #.# ##.###
. #.# ....# . #s# #.#.#
. ######W####.#.# .
#.....hg.g....# ######.
#.....#####.#.###......
#..... #.###.W.......
#..... #.. #.###....<.
#..... ##.#.# ######.
###### .... . #.. $


You could see a hound, Gargoyl's ghost and a gnoll.

Vanquished Creatures
  The ghost of supermoro the Sneak, a novice MfEn of Gozag (D:4)
  A wraith (D:7)
  A human (D:7)
  Eustachio (D:4)
  4 hogs (D:7)
  Menkaure (D:7)
  A water moccasin (D:9)
  3 ice beasts
  A black bear (D:5)
  2 orc warriors
  2 ogres
  A phantom (D:5)
  The ghost of Xenomina the Caller, an amateur DgSu (D:3)
  A centaur (D:8)
  An elf zombie (D:7)
  5 bullfrogs
  5 scorpions
  A troll zombie (D:7)
  3 wights (D:7)
  2 vampire bats (D:6)
  A crimson imp (D:7)
  4 hounds
  3 human zombies (D:7)
  3 quasits
  5 orc priests
  3 orc wizards
  3 bullfrog skeletons
  An iguana (D:7)
  Natasha (thrice) (D:2)
  A human skeleton (D:7)
  8 worker ants
  4 big kobold zombies (Ossuary)
  An ogre skeleton (D:7)
  A hound zombie (D:6)
  5 mummies
  A worker ant zombie (D:5)
  10 adders
  A shadow imp (D:5)
  2 oozes
  4 adder zombies
  6 worms
  2 dart slugs
  4 leopard geckos
  11 orcs
  15 bats
  6 giant cockroaches
  8 goblins
  6 hobgoblins
  11 jackals
  4 quokkas
  2 ball pythons
  4 frilled lizards (D:3)
  A goblin zombie (Ossuary)
  8 hobgoblin zombies (Ossuary)
  A jackal skeleton (D:6)
  2 jackal zombies (Ossuary)
  5 kobolds
  12 kobold zombies (Ossuary)
  8 orc zombies
  4 rats
  A rat zombie (Ossuary)
223 creatures vanquished.

Vanquished Creatures (collateral kills)
  A ball python (D:4)
1 creature vanquished.

Grand Total: 224 creatures vanquished

Notes
Turn   | Place    | Note
-------+----------+-------------------------------------------
     0 | D:1      | Oravi the Merfolk Transmuter began the quest for the Orb.
     0 | D:1      | Reached XP level 1. HP: 15/15 MP: 3/3
   131 | D:1      | Reached XP level 2. HP: 17/21 MP: 3/5
   538 | D:1      | Reached XP level 3. HP: 20/26 MP: 4/6
   542 | D:1      | Learned a level 2 spell: Sticks to Snakes
   546 | D:1      | Learned a level 3 spell: Spider Form
   619 | D:1      | You fall through a shaft!
   768 | D:1      | You fall through a shaft!
   784 | D:2      | Noticed Natasha
   792 | D:2      | Killed Natasha
   813 | D:2      | Noticed Natasha
   817 | D:2      | Killed Natasha
   817 | D:2      | Reached skill level 1 in Poison Magic
   817 | D:2      | Reached XP level 4. HP: 19/32 MP: 3/7
   979 | D:2      | Found a hazy altar of Hepliaklqana.
  1121 | D:2      | Noticed Natasha
  1127 | D:2      | Killed Natasha
  1127 | D:2      | Reached XP level 5. HP: 37/37 MP: 1/8
  1423 | D:2      | Found a faded altar of an unknown god.
  1475 | D:2      | Found a runed door.
  1987 | D:3      | Reached skill level 5 in Transmutations
  2010 | D:3      | Noticed an ogre
  2028 | D:3      | Killed an ogre
  2028 | D:3      | Reached XP level 6. HP: 43/43 MP: 1/9
  2029 | D:3      | Noticed Xenomina's ghost (amateur DgSu)
  2269 | D:2      | Gained mutation: Your flesh is heat resistant. (rF+) [potion of mutation]
  2269 | D:2      | Gained mutation: You are resistant to hostile enchantments. (MR+) [potion of mutation]
  2319 | D:3      | Killed Xenomina's ghost
  2319 | D:3      | Reached skill level 5 in Unarmed Combat
  2618 | D:4      | Found a radiant altar of Vehumet.
  2685 | D:4      | Noticed Eustachio
  2703 | D:4      | Killed Eustachio
  2703 | D:4      | Reached XP level 7. HP: 42/48 MP: 1/10
  2753 | D:4      | Found a bloodstained altar of Trog.
  2818 | D:4      | Noticed supermoro's ghost (novice MfEn)
  2842 | D:4      | Killed supermoro's ghost
  2842 | D:4      | Reached XP level 8. HP: 56/56 MP: 1/11
  3079 | D:4      | Found a sand-covered staircase.
  3085 | Ossuary  | Entered an ossuary
  3304 | Ossuary  | Reached skill level 5 in Dodging
  3795 | D:5      | Entered Level 5 of the Dungeon
  4474 | D:5      | Reached skill level 5 in Poison Magic
  4529 | D:5      | Reached XP level 9. HP: 41/61 MP: 10/12
  4706 | D:5      | Found Paodoski's Food Boutique.
  5072 | D:6      | Found a shattered altar of Ashenzari.
  5127 | D:6      | Found a staircase to the Ecumenical Temple.
  5179 | Temple   | Entered the Ecumenical Temple
  5780 | D:6      | Found a stormy altar of Qazlal.
  5784 | D:6      | Found a hide-covered altar of Uskayaw.
  5789 | D:6      | Became a worshipper of Qazlal Stormbringer
  6149 | D:6      | Found the +4 Vampire's Tooth {vamp}
  6296 | D:7      | Found a glowing silver altar of Zin.
  6296 | D:7      | Noticed Menkaure
  6306 | D:7      | Killed Menkaure
  6307 | D:7      | Found an ornate altar of the Wu Jian Council.
  6307 | D:7      | Found a white marble altar of Elyvilon.
  6307 | D:7      | Found a glowing golden altar of the Shining One.
  6353 | D:7      | Reached XP level 10. HP: 31/69 MP: 11/13
  6699 | D:7      | Found a shadowy altar of Dithmenos.
  7057 | D:7      | Reached * piety under Qazlal
  7104 | D:7      | Found a basalt altar of Yredelemnul.
  7367 | D:7      | Reached skill level 10 in Transmutations
  7505 | D:7      | Reached skill level 10 in Unarmed Combat
  8015 | D:8      | Found a burning altar of Makhleb.
  8015 | D:8      | Noticed supermoro's ghost (journeyman KoEn)
  8245 | D:9      | Noticed Gargoyl's ghost (novice CeAK)
  8272 | D:9      | HP: 3/69 [Gargoyl's ghost (17)]
  8272 | D:9      | Slain by Gargoyl's ghost

Skill      XL: |  1  2  3  4  5  6  7  8  9 10 |
---------------+-------------------------------+-----
Dodging        | 3 4 5 8 |  8.8
Transmutations | 3 4 5 6 7 8 9 10 | 10.1
Unarmed Combat | 4 5 6 7 9 10 | 10.2
Poison Magic   | 1 2 3 4 5 6 7 |  7.1
Fighting       | 2 |  2.9
Spellcasting   | |  2.0

Action                   |  1- 3 |  4- 6 |  7- 9 | 10-12 || total
-------------------------+-------+-------+-------+-------++-------
Melee: Unarmed           |    74 |   132 |   407 |   198 ||   811
       Headbutt          |     4 |       |       |       ||     4
       Punch             |       |     1 |     1 |       ||     2
 Cast: Beastly Appendage |    13 |     1 |       |       ||    14
       Spider Form       |     3 |    24 |    44 |    21 ||    92
       Sticks to Snakes  |       |     6 |     4 |    11 ||    21
  Use: Scroll            |     3 |     8 |     5 |     2 ||    18
       Potion            |       |     4 |     5 |     4 ||    13
 Stab: Sleeping          |       |     3 |       |     2 ||     5
       Distracted        |       |       |     1 |       ||     1
  Eat: Chunk             |       |    11 |    10 |     6 ||    27
       Ration            |       |       |     2 |     1 ||     3
Armor: Robe              |    15 |     6 |     1 |       ||    22
       Skin              |     2 |     4 |    20 |     2 ||    28
Dodge: Dodged            |    71 |    96 |   395 |   168 ||   730
Block: Other             |       |       |       |     1 ||     1
